 Dungeon Crawl Stone Soup version 0.29.1-12-g30fa7ad0bf (webtiles) character file.

Game seed: 2096034325103157369

104 hawla the Firebug (level 5, -1/38 HPs)
             Began as a Meteoran Fire Elementalist on Jan 13, 2023.
             Slain by a river rat (6 damage)
             ... in a sewer.
             The game lasted 00:04:11 (579 turns).

hawla the Firebug (Meteoran Fire Elementalist)       Turns: 579, Time: 00:04:14

Health: -1/38      AC:  2    Str:  9    XL:     5   Next: 30%
Magic:  9/11       EV: 12    Int: 19    God:
Gold:   76         SH:  0    Dex: 14    Spells: 8/11 levels left

rFire   . . .      SeeInvis .   (no weapon)
rCold   . . .      Faith    .   (no shield)
rNeg    . . .      Spirit   .   a - +0 robe
rPois   .          Reflect  .   (no helmet)
rElec   .          Harm     .   (no cloak)
rCorr   .          Rampage  .   (no gloves)
Will    .....                   (no boots)
Stlth   +.........              (no amulet)
HPRegen 0.12/turn               (no ring)
MPRegen 0.12/turn               (no ring)

@: glowing
A: sense surroundings 1, otherworldly, glowing, explore regen
a: no special abilities


You were in a sewer.
You visited 1 branch of the dungeon, and saw 4 of its levels.
You also visited: Sewer.

You collected 76 gold pieces.

Inventory:

Armour
 a - a +0 robe (worn)
Jewellery
 f - an amulet of regeneration
Scrolls
 g - a scroll of identify
 h - a scroll of torment {unknown}
 i - a scroll of butterflies {unknown}
 j - a scroll of enchant armour {unknown}
 k - a scroll of summoning {unknown}
Potions
 b - 2 potions of magic
 d - a potion of haste
 e - 4 potions of degeneration


   Skills:
 + Level 2.8 Dodging
 - Level 1.4 Stealth
 + Level 3.7 Spellcasting
 + Level 2.1 Conjurations
 + Level 5.3 Fire Magic


You had 8 spell levels left.
You knew the following spells:

 Your Spells              Type           Power      Damage    Failure   Level
a - Foxfire               Conj/Fire      68%        2x1d7     3%          1
b - Scorch                Fire           46%        2d7       2%          2

Your spell library contained the following spells:

 Spells                   Type           Power      Damage    Failure   Level
 Conjure Flame            Conj/Fire      17%        6-21      9%          3
 Inner Flame              Hex/Fire       13%        N/A       14%         3
 Flame Wave               Conj/Fire      17%        2d7       30%         4


Dungeon Overview and Level Annotations

Branches:
Dungeon (4/15) Zot: 2015    Sewer (1/1) Zot: 363
 Temple: D:4-7

Altars:
Cheibriados


Innate Abilities, Weirdness & Mutations

You passively map a small area around you.
You are easily found by Zot.
You glow in the dark.
You regain HP and MP as you explore.


Message History

Casting: Foxfire (safe; 3% risk of failure)
Confirm with . or Enter, or press ? or * to list all spells.
You don't know that spell.
It was a potion of ambrosia.
You are confused.
You feel invigorated. The river rat barely misses you.
The river rat misses you. The river rat misses you.
The river rat closely misses you.
You're too confused to move!
You feel less invigorated.
You feel less confused. The river rat barely misses you.
The river rat completely misses you. The river rat closely misses you.
The river rat bites you!
There is a large open door here.
Casting: Foxfire (safe; 3% risk of failure)
Confirm with . or Enter, or press ? or * to list all spells.
You conjure some foxfire!
The river rat bites you!
The foxfire hits the river rat.
The river rat is heavily wounded.
You barely miss the river rat.
The river rat is heavily wounded.
The foxfire hits the river rat.
The river rat is lightly wounded.
The river rat bites you but does no damage.
Casting: Foxfire (safe; 3% risk of failure)
Confirm with . or Enter, or press ? or * to list all spells.
You conjure some foxfire!
The river rat bites you! The river rat closely misses you.
The foxfire hits the river rat but does no damage.
The river rat closely misses you.
Unknown command.
As you read the scroll labelled QELIPI VEPH, it crumbles to dust.
It is a scroll of identify.
d - a potion of haste The river rat bites you.
* * * LOW HITPOINT WARNING * * *
The river rat bites you.
* * * LOW HITPOINT WARNING * * *
The river rat bites you.
You die...

#~≈~# #~≈.# ~ *
#~≈.# ~ ####
#~≈†# ~ * #∩∩#
#~≈.# #..#
#~≈.# *
###..####.≈~#
~*#.#..#r##~≈~#
~ ~
#.'..r@##~≈~#
#.'..rr##~≈~#
*#.#..#.##~≈~#
~ ###..####~≈~#
* * #..# #~≈~#
###..####~≈~# ,
* #.#..#.##~≈~#
~~
#.'..'.##~≈.# ~
, *
#.'†.'.##~≈.#


You could see 4 river rats.

Vanquished Creatures
  2 gnolls (D:4)
  4 adders (Sewer)
  A river rat (Sewer)
  3 worms
  An orc (D:3)
  2 endoplasms
  A giant cockroach (Sewer)
  2 goblins (D:3)
  2 hobgoblins (D:2)
  2 jackals (Sewer)
  2 quokkas
  5 ball pythons
  3 bats
  3 rats
33 creatures vanquished.

Vanquished Creatures (others)
  80 foxfires
80 creatures vanquished.

Grand Total: 113 creatures vanquished

Notes
Turn   | Place    | Note
-------+----------+-------------------------------------------
     0 | D:1      | hawla the Meteoran Fire Elementalist began the quest for
                  | the Orb.
     0 | D:1      | Reached XP level 1. HP: 14/14 MP: 5/5
   116 | D:2      | Reached skill level 4 in Fire Magic
   116 | D:2      | Reached XP level 2. HP: 16/20 MP: 4/6
   126 | D:2      | Found a snail-covered altar of Cheibriados.
   206 | D:4      | Reached XP level 3. HP: 26/26 MP: 4/8
   366 | D:3      | Found a glowing drain.
   375 | D:3      | Reached XP level 4. HP: 33/33 MP: 5/9
   382 | Sewer    | Entered a sewer
   418 | Sewer    | Reached skill level 5 in Fire Magic
   523 | Sewer    | Reached XP level 5. HP: 28/38 MP: 7/11
   530 | Sewer    | Learned a level 2 spell: Scorch
   579 | Sewer    | Slain by a river rat

Illustrated notes

Levels and vault maps discovered:
D:1:      dpeg_arrival_rooms_a, layout_loops_corners
D:2:      layout_loops_ring, basic_altar, chequers_serial_rivers_micro_c
D:3:      layout_basic, cheibrodos_sewer_entry_bend, serial_shops, shop
D:4:      layout_basic
Sewer:    sewer_fruit_machine

Skill      XL: |  1  2  3  4 |
---------------+-------------+-----
Fire Magic     | 4 5 |  5.3
Spellcasting   | 3 |  3.7
Conjurations   | 2 |  2.1
Dodging        | |  2.8
Stealth        | |  1.4

Action                   |  1- 3 |  4- 6 || total
-------------------------+-------+-------++-------
Melee: Unarmed           |    10 |     4 ||    14
 Cast: Foxfire           |    31 |    21 ||    52
  Use: Scroll            |     1 |     1 ||     2
       Potion            |       |     1 ||     1
Armor: Robe              |     2 |     3 ||     5
Dodge: Dodged            |    10 |    13 ||    23
